 Dungeon Crawl Stone Soup version 0.24.1-14-gf8d2b509d9 (webtiles) character file.

Game seed: 18208712023922102550, levelgen mode: deterministic

102 Peloso the Skirmisher (level 4, 36/36 HPs)
             Began as a Demonspawn Fighter on June 4, 2020.
             Got out of the dungeon alive.
             The game lasted 00:03:52 (1908 turns).

Peloso the Skirmisher (Demonspawn Fighter)          Turns: 1908, Time: 00:03:53

Health: 36/36      AC: 11    Str: 18    XL:     4   Next: 49%
Magic:  4/4        EV:  5    Int:  9    God:
Gold:   81         SH:  9    Dex: 12    Spells: 3/3 levels left

rFire    . . .     SeeInvis .   a - +0 long sword
rCold    . . .     Gourm    .   c - +0 shield
rNeg     . . .     Faith    .   k - +0 chain mail
rPois    .         Spirit   +   (helmet restricted)
rElec    .         Reflect  .   (no cloak)
rCorr    .         Harm     .   (no gloves)
MR       .....                  (no boots)
Stlth    ..........             (no amulet)
HPRegen  0.12/turn              (no ring)
MPRegen  0.09/turn              (no ring)

@: no status effects
A: antennae 1, iridescent scales 1, magic shield
a: no special abilities


You escaped.
You were hungry.

You visited 1 branch of the dungeon, and saw 3 of its levels.

You collected 81 gold pieces.

Inventory:

Hand Weapons
 a - a +0 long sword (weapon)
 b - a +0 spear of flaming
Armour
 c - a +0 shield (worn)
 e - a +0 scale mail
 k - a +0 chain mail (worn)
Scrolls
 g - a scroll of identify
 h - a scroll of enchant armour {unknown}
 j - a scroll of remove curse {unknown}
 l - a scroll of enchant weapon {unknown}
Potions
 d - a potion of might
 i - a potion of magic
Comestibles
 f - 4 rations


   Skills:
 + Level 3.6 Fighting
 + Level 2.9 Long Blades
 + Level 3.0 Armour
 + Level 1.0 Dodging
 + Level 3.1 Shields


You had 3 spell levels left.
You didn't know any spells.
Your spell library was empty.

Dungeon Overview and Level Annotations

Branches:
Dungeon (3/15)

Altars:


Innate Abilities, Weirdness & Mutations

You have a pair of small antennae on your head.
You are partially covered in iridescent scales. (AC +2)
When hurt, damage is shared between your health and your magic reserves.


Message History

Where to? (Enter - D:1 @ (x,y), ? - help)
What level of the Dungeon? (default 1, ? - help)
You see here a ball python corpse.
You see here a bat corpse.
Magic restored.
You see here a rat corpse.
HP restored.
You see here an adder corpse.
There is a stone staircase leading up here.
You climb upwards.
There is a stone staircase leading down here.
There is a stone staircase leading up here.
You are feeling hungry.
You climb upwards.
There is a stone staircase leading down here.
(D) Dungeon
Where to? (Enter - D:1 @ (x,y), ? - help)
There is a staircase leading out of the dungeon here.
Are you sure you want to leave the Dungeon?
This will make you lose the game!
You have escaped!

####### ###.# ......#
####### #...# #####.#
##.....###.### #.#
##.......##..## #.#
###.........##..#
#####.####'...........##.##
........##.............+..#
######.##..............##.#
#..........@.........#
####..............####
#'#.............#..#
#.##...........###.#
#.###.........## #.#
#.#.##.......## #.#
#.#[###.....'# #.#
#.....######## #.#
#...###.# #.#


There were no monsters in sight!

Vanquished Creatures
  Terence (D:2)
  2 adders (D:3)
  2 oozes (D:2)
  A worm (D:2)
  2 leopard geckos (D:2)
  A ball python (D:3)
  4 giant cockroaches
  6 goblins
  5 hobgoblins
  3 jackals (D:2)
  A quokka (D:3)
  6 bats
  4 frilled lizards
  2 kobolds
  5 rats
45 creatures vanquished.

Notes
Turn   | Place    | Note
-------+----------+-------------------------------------------
     0 | D:1      | Peloso the Demonspawn Fighter began the quest for the Orb.
     0 | D:1      | Reached XP level 1. HP: 18/18 MP: 1/1
   163 | D:1      | Gained mutation: You are partially covered in iridescent
                  | scales. (AC +2) [demonic ancestry]
   163 | D:1      | Reached XP level 2. HP: 19/24 MP: 2/2
  1206 | D:2      | Gained mutation: You have a pair of small antennae on your
                  | head. [demonic ancestry]
  1206 | D:2      | Reached XP level 3. HP: 29/29 MP: 3/3
  1356 | D:2      | Noticed Terence
  1368 | D:2      | Killed Terence
  1368 | D:2      | Gained mutation: When hurt, damage is shared between your
                  | health and your magic reserves. [demonic ancestry]
  1368 | D:2      | Reached XP level 4. HP: 32/35 MP: 4/4
  1683 | D:3      | Reached skill level 1 in Dodging
  1908 | D:$      | Got out of the dungeon alive.

Levels and vault maps discovered:
D:1:      lemuel_arrival_rhombus, layout_loops_ring, minmay_cupped
D:2:      layout_loops_ring, uniq_terence
D:3:      layout_loops_corners, first_ration

Skill      XL: |  1  2  3  4 |
---------------+-------------+-----
Long Blades    | 2 |  2.9
Armour         | 3 |  3.0
Shields        | 3 |  3.1
Dodging        | 1 |  1.0
Fighting       | |  3.6

Action                   |  1- 3 |  4- 6 || total
-------------------------+-------+-------++-------
Melee: Long sword        |   139 |    51 ||   190
  Use: Potion            |     2 |       ||     2
       Scroll            |       |     1 ||     1
  Eat: Chunk             |     1 |     2 ||     3
Armor: Scale mail        |    78 |       ||    78
       Skin              |     8 |       ||     8
       Chain mail        |    18 |    26 ||    44
Dodge: Dodged            |    47 |    13 ||    60
Block: Shield            |    90 |    35 ||   125
       Rpst.: Long sword |    14 |     6 ||    20
